 Dungeon Crawl Stone Soup version 0.19.1-1-g22dce08 (webtiles) character file.

8284 Peloso the Carver (level 11, 0/93 HPs)
             Began as a Ghoul Fighter on Jan 1, 2017.
             Was a Believer of Okawaru.
             Slain by a cyan ugly thing (17 damage)
             ... on level 12 of the Dungeon.
             The game lasted 00:30:32 (8906 turns).

Peloso the Carver (Ghoul Fighter)                   Turns: 8906, Time: 00:30:33

Health: 0/93       AC: 20    Str: 26      XL:     11   Next: 28%
Magic:  10/10      EV: 12    Int:  3      God:    Okawaru [**....]
Gold:   420        SH: 18    Dex: 15 (16) Spells: 0 memorised, 10 levels left

rFire  . . .     SeeInvis .     a - +0 long sword
rCold  + . .     Gourm    .     y - +0 plate armour
rNeg   + + +     Faith    .     c - +1 shield
rPois  ∞         Spirit   .     l - +0 helmet
rElec  .         Reflect  +     K - +2 cloak
rCorr  .         Harm     .     (no gloves)
MR     .....                    h - +0 pair of boots {Stlth+}
Stlth  ..........               B - +5 amulet of reflection
                                q - +5 ring of strength
                                z - +2 ring of protection

@: agile, very slightly contaminated, rotting, hasted, very quick
A: rotting body, claws 1, carnivore 3, cold resistance 1, negative energy
resistance 3, slow regeneration 1, torment resistance, unbreathing
a: Heroism, Renounce Religion


You were on level 12 of the Dungeon.
You worshipped Okawaru.
Okawaru was pleased with you.
You were not hungry.

You visited 2 branches of the dungeon, and saw 11 of its levels.

You collected 420 gold pieces.

Inventory:

Hand Weapons
 a - a +0 long sword (weapon)
 o - a +1 whip of flaming
 H - the +3 flail "Abelurif" {crush, rC+}
   (You found it on level 8 of the Dungeon)

   It inflicts extra damage upon your enemies.
   It protects you from cold.
Armour
 c - a +1 shield (worn)
 h - a +0 pair of boots of stealth (worn)
 l - a +0 helmet (worn)
 y - a +0 plate armour (worn)
 K - a +2 cloak (worn)
Jewellery
 b - an uncursed ring of stealth
 q - a +5 ring of strength (right claw)
 z - a +2 ring of protection (left claw)
 B - a +5 amulet of reflection (around neck)
Wands
 d - a wand of polymorph (16/24)
 t - a wand of confusion (36/48)
 v - a wand of acid (3/15)
 A - a wand of disintegration (9/24)
 G - a wand of polymorph (6/24)
Scrolls
 i - a scroll of fear
 r - 2 scrolls of remove curse
 C - a scroll of brand weapon {unknown}
 D - a scroll of enchant armour
 E - a scroll of random uselessness {unknown}
 I - a scroll of magic mapping
Potions
 e - 4 potions of curing
 g - a potion of agility
 j - a potion of flight
 k - a potion of haste
 m - a potion of cancellation
 x - 3 potions of ambrosia
Books
 J - a book of Changes

   Spells                             Type                      Level
   a - Beastly Appendage              Transmutation                1
   b - Sticks to Snakes               Transmutation                2
   c - Spider Form                    Transmutation/Poison         3
   d - Ice Form                       Ice/Transmutation            4
   e - Blade Hands                    Transmutation                5
Comestibles
 f - 4 meat rations
 u - 2 slices of pizza


   Skills:
 + Level 7.7 Fighting
 + Level 10.2 Long Blades
 + Level 6.5 Armour
 + Level 3.1 Dodging
 + Level 0.2 Stealth
 + Level 8.7 Shields
 + Level 0.4 Invocations


You had 10 spell levels left.
You didn't know any spells.

Dungeon Overview and Level Annotations

Branches:
Dungeon (9/15)             Temple (1/1) D:6             Orc (0/2) D:12
   Lair: D:8-11

Altars:
Dithmenos
Elyvilon
Fedhas
Gozag
Hepliaklqana
Kikubaaqudgha
Makhleb
Nemelex Xobeh
Okawaru
Qazlal
Ru
Sif Muna
Trog
Uskayaw
Vehumet
Xom
Yredelemnul
Zin
The Shining One

Shops:
D:12 [

Annotations:
D:12 Snorg


Innate Abilities, Weirdness & Mutations

Your body is rotting away.
You thrive on raw meat.
You are immune to poison.
You have sharp fingernails.
You are carnivorous and can eat meat at any time.
Your flesh is cold resistant. (rC+)
You are immune to negative energy. (rN+++)
You regenerate slowly when monsters are visible.
You are immune to unholy pain and torment.
You can survive without breathing.


Message History

Snorg claws you.
* * * LOW HITPOINT WARNING * * *
You block Snorg's attack. Snorg closely misses you. Snorg misses you.
The cyan ugly thing bites you but does no damage.
You are very lightly contaminated with residual magic.
Unknown command.
You hit Snorg but do no damage.
Snorg is lightly wounded.
You block Snorg's attack. Snorg closely misses you. x2
Unknown command.
You barely miss the cyan ugly thing.
The cyan ugly thing bites you but does no damage.
You hit the cyan ugly thing.
The cyan ugly thing is lightly wounded.
You hit the cyan ugly thing but do no damage.
The cyan ugly thing is lightly wounded.
You block Snorg's attack. x3; The cyan ugly thing bites you!
* * * LOW HITPOINT WARNING * * *
The cyan ugly thing shocks you!
You die...

..... #..........
#....# ##..
..............#
##..#># #
...........
#...### ####
..........# ##..##
.... ..........#
#...# ....
.......... ##..###
.... .........##
#...#.# ....
....)...T.#
#.....# ####
.......@u.##
#...#.##
.......##..#
#...###
#.....###..###...#
####
#...####....##...#
###.....
.................#
.)...... ..
......###.....#
.####### #
###.....[..##....
##
#......>...####.
#...........###


You could see Snorg (berserk) and a cyan ugly thing.

Vanquished Creatures
  A hill giant (D:12)
  Pikel (D:4)
  An ugly thing (D:12)
  A centaur zombie (D:12)
  Joseph (D:7)
  A komodo dragon (D:12)
  A two-headed ogre (D:9)
  A hippogriff (D:8)
  Sigmund (D:2)
  Eustachio (D:4)
  Grum (D:8)
  Menkaure (D:4)
  Duvessa (D:7)
  4 sky beasts
  The ghost of WobbleTop the Sneak, an amateur SpEn (D:4)
  An ice beast (D:5)
  A slave (D:4)
  A phantom (D:9)
  A necrophage (D:8)
  7 orc warriors
  7 ogres
  3 wolves (D:8)
  2 centaurs
  A big kobold (D:8)
  2 bullfrogs
  Blork the orc (D:4)
  Dowan (D:7)
  3 scorpions
  5 killer bees (D:9)
  13 wights
  An electric eel (D:6)
  A howler monkey (D:12)
  3 crimson imps
  A quasit (D:12)
  2 bullfrog zombies (D:6)
  5 hounds
  3 jellies
  2 bullfrog skeletons
  6 orc priests
  An iguana (D:8)
  4 orc wizards
  Natasha (thrice) (D:3)
  8 worker ants
  2 killer bee zombies (D:6)
  2 worker ant zombies
  3 gnolls (D:5)
  7 adders
  5 shadow imps
  3 oozes
  An adder skeleton (D:8)
  2 dart slugs
  4 leopard geckos
  38 orcs
  6 giant cockroaches
  6 goblins
  4 hobgoblins
  10 jackals
  3 quokkas
  5 bats
  4 frilled lizards
  11 kobolds
  A leopard gecko skeleton (D:4)
  A leopard gecko zombie (D:6)
  A quokka skeleton (D:4)
  5 rats
231 creatures vanquished.

Vanquished Creatures (others)
  An orc (D:4)
1 creature vanquished.

Grand Total: 232 creatures vanquished

Notes
Turn   | Place    | Note
-------+----------+-------------------------------------------
     0 | D:1      | Peloso the Ghoul Fighter began the quest for the Orb.
     0 | D:1      | Reached XP level 1. HP: 19/19 MP: 0/0
   198 | D:1      | Found a glowing golden altar of the Shining One.
   289 | D:1      | Reached XP level 2. HP: 20/26 MP: 1/1
   740 | D:2      | Found a faded altar of an unknown god.
   780 | D:2      | Noticed Sigmund
   797 | D:2      | Killed Sigmund
   797 | D:2      | Reached skill level 3 in Long Blades
   797 | D:2      | Reached XP level 3. HP: 15/33 MP: 2/2
   797 | D:2      | Reached XP level 4. HP: 19/40 MP: 3/3
   797 | D:2      | Reached XP level 5. HP: 21/46 MP: 4/4
  1496 | D:3      | Found an opulent altar of Gozag.
  1575 | D:3      | Noticed Natasha
  1587 | D:3      | Killed Natasha
  1587 | D:3      | Reached XP level 6. HP: 43/53 MP: 5/5
  1738 | D:3      | Found a faded altar of an unknown god.
  1738 | D:3      | Found a basalt altar of Yredelemnul.
  1772 | D:3      | Found a hide-covered altar of Uskayaw.
  1774 | D:3      | Found a faded altar of an unknown god.
  1775 | D:3      | Found a faded altar of an unknown god.
  1850 | D:3      | Noticed Natasha
  1855 | D:3      | Killed Natasha
  1888 | D:3      | Noticed Natasha
  1895 | D:3      | Killed Natasha
  2106 | D:4      | Noticed Menkaure
  2119 | D:4      | Killed Menkaure
  2119 | D:4      | Reached skill level 4 in Long Blades
  2119 | D:4      | Reached skill level 1 in Dodging
  2119 | D:4      | Reached XP level 7. HP: 28/60 MP: 6/6
  2170 | D:4      | Found a bloodstained altar of Trog.
  2242 | D:4      | Noticed WobbleTop's ghost (amateur SpEn)
  2303 | D:4      | Killed WobbleTop's ghost
  2393 | D:4      | Noticed Eustachio
  2408 | D:4      | Killed Eustachio
  2408 | D:4      | Reached skill level 5 in Long Blades
  2471 | D:4      | Reached skill level 5 in Fighting
  2638 | D:4      | Noticed Pikel
  2650 | D:4      | Killed Pikel
  2650 | D:4      | Reached XP level 8. HP: 58/68 MP: 7/7
  2771 | D:4      | Found a blossoming altar of Fedhas.
  2852 | D:4      | Reached skill level 6 in Long Blades
  2883 | D:4      | Noticed Blork the orc
  2893 | D:4      | Killed Blork the orc
  2893 | D:4      | Reached skill level 5 in Shields
  3215 | D:5      | Entered Level 5 of the Dungeon
  3502 | D:5      | Reached XP level 9. HP: 46/73 MP: 8/8
  3597 | D:5      | Found a hide-covered altar of Uskayaw.
  3799 | D:5      | Reached skill level 5 in Armour
  3944 | D:5      | Reached skill level 7 in Long Blades
  4157 | D:6      | Found an ancient bone altar of Kikubaaqudgha.
  5295 | D:6      | Found a staircase to the Ecumenical Temple.
  5308 | D:6      | HP: 1/76 [electric eel/bolt of electricity (9)]
  5777 | D:3      | Found a glowing silver altar of Zin.
  6107 | Temple   | Entered the Ecumenical Temple
  6178 | Temple   | Became a worshipper of Warmaster Okawaru
  6204 | D:7      | Reached skill level 8 in Long Blades
  6325 | D:7      | Reached XP level 10. HP: 38/83 MP: 9/9
  6437 | D:7      | Noticed Dowan
  6438 | D:7      | Noticed Duvessa
  6456 | D:7      | Killed Dowan
  6589 | D:7      | Reached * piety under Okawaru
  6910 | D:7      | Killed Duvessa
  6924 | D:7      | Noticed Joseph
  6936 | D:7      | Killed Joseph
  6936 | D:7      | Reached skill level 9 in Long Blades
  7379 | D:8      | Found a radiant altar of Vehumet.
  7408 | D:8      | Got a jewelled flail
  7442 | D:7      | Identified the +3 flail "Abelurif" {crush, rC+} (You found it on level 8 of the Dungeon)
  7526 | D:8      | Noticed Grum
  7545 | D:8      | Killed Grum
  7545 | D:8      | Reached ** piety under Okawaru
  8174 | D:9      | You fall through a shaft for 3 floors!
  8216 | D:12     | Found a staircase to the Orcish Mines.
  8225 | D:12     | Noticed a cyan ugly thing
  8249 | D:12     | Noticed a hill giant
  8269 | D:12     | Noticed a cyan ugly thing
  8284 | D:12     | Reached XP level 11. HP: 86/92 MP: 10/10
  8445 | D:12     | Killed a hill giant
  8445 | D:12     | Reached skill level 10 in Long Blades
  8612 | D:12     | Killed a cyan ugly thing
  8833 | D:12     | Noticed a deep elf mage
  8862 | D:12     | Found Liutistri's Armour Shop.
  8870 | D:12     | Noticed Snorg
  8906 | D:12     | Slain by a cyan ugly thing

Skill      XL: |  1  2  3  4  5  6  7  8  9 10 11 |
---------------+----------------------------------+-----
Shields        | 3 4 5 6 8 |  8.7
Fighting       | 4 5 6 7 |  7.7
Long Blades    | 3 4 5 6 8 9 10 | 10.2
Armour         | 3 4 5 6 |  6.5
Dodging        | 1 2 3 |  3.1
Stealth        | |  0.2
Invocations    | |  0.4

Action                   |  1- 3 |  4- 6 |  7- 9 | 10-12 || total
-------------------------+-------+-------+-------+-------++-------
Melee: Long sword        |    47 |   150 |   645 |   605 ||  1447
Invok: Heroism           |       |       |       |     9 ||     9
Evoke: Wand              |       |       |     1 |       ||     1
  Use: Potion            |     1 |       |     2 |     6 ||     9
       Scroll            |       |     9 |     5 |    12 ||    26
  Eat: Chunk             |     3 |     6 |    30 |    25 ||    64
Armor: Scale mail        |    14 |    71 |    99 |       ||   184
       Plate armour      |       |       |   148 |   191 ||   339
Dodge: Dodged            |    13 |    54 |   110 |   115 ||   292
Block: Shield            |    16 |    98 |   404 |   483 ||  1001
       Reflection        |       |       |     2 |     4 ||     6
       Rpst.: Long sword |     6 |    19 |    42 |    29 ||    96
